 Dungeon Crawl Stone Soup version 0.28-a0-1624-g820543e53a (webtiles) character file.

Game seed: 12419181128261949030

138 timneilson the Covered (level 5, 0/33 HPs)
             Began as a Gargoyle Fighter on Jan 23, 2022.
             Slain by Terence (3 damage)
             ... on level 3 of the Dungeon.
             The game lasted 00:05:08 (2212 turns).

timneilson the Covered (Gargoyle Fighter)           Turns: 2212, Time: 00:05:08

Health: 0/33       AC: 11    Str: 21    XL:     5   Next: 21%
Magic:  5/5        EV:  9    Int:  9    God:
Gold:   134        SH:  5    Dex:  9    Spells: 4/4 levels left

rFire   + . .      SeeInvis .   a - +1 long sword
rCold   . . .      Faith    .   c - +1 buckler
rNeg    + . .      Spirit   .   b - +0 scale mail
rPois   ∞          Reflect  .   (no helmet)
rElec   +          Harm     .   (no cloak)
rCorr   +          Rampage  .   (no gloves)
Will    .....                   (no boots)
Stlth   ..........              (no amulet)
HPRegen 0.11/turn               e - ring of protection from fire
MPRegen 0.09/turn               j - ring of resist corrosion

@: no status effects
A: sickness immunity, AC +4, negative energy resistance 1, electricity
resistance, torment resistance 1, petrification resistance
a: no special abilities


You were on level 3 of the Dungeon.
You visited 1 branch of the dungeon, and saw 3 of its levels.

You collected 134 gold pieces.

Inventory:

Hand Weapons
 a - a +1 long sword (weapon)
Armour
 b - a +0 scale mail (worn)
 c - a +1 buckler (worn)
Jewellery
 e - a ring of protection from fire (left hand)
 i - a ring of ice
 j - a ring of resist corrosion (right hand)
Potions
 d - a potion of might
 f - 4 potions of brilliance {unknown}
 g - a potion of lignification {unknown}
 h - 2 potions of curing {unknown}
 k - a potion of mutation {unknown}
 l - a potion of flight {unknown}


   Skills:
 + Level 3.8 Fighting
 * Level 2.7 Long Blades
 * Level 4.2 Armour
 + Level 1.1 Dodging
 * Level 4.2 Shields


You had 4 spell levels left.
You didn't know any spells.
Your spell library contained the following spells:

 Spells                   Type           Power      Damage    Failure   Level
 Magic Dart               Conj           0%         1d3       80%         1
 Searing Ray              Conj           0%         2d4       91%         2
 Dazzling Flash           Conj/Hex       0%         N/A       99%         3
 Fulminant Prism          Conj/Hex       0%         3d6       100%        4
 Iskenderun's Mystic Bla  Conj/Tloc      0%         2d3       100%        4
 Starburst                Conj/Fire      0%         6d3       100%        6


Dungeon Overview and Level Annotations

Branches:
Dungeon (3/15)

Altars:

Annotations:
D:3 Terence


Innate Abilities, Weirdness & Mutations

You are immune to sickness and miasma.
Your stone body is resilient. (AC +4)
You are immune to poison.
You resist negative energy. (rN+)
You are resistant to electric shocks. (rElec)
You are resistant to unholy torment.
You are immune to petrification.


Message History

The orc hits you but does no damage.
You hit Terence but do no damage.
Terence is severely wounded.
You block Terence's attack. The orc closely misses you.
Terence hits you with a +0 flail.
You hit Terence but do no damage.
Terence is heavily wounded.
The orc barely misses you. Terence hits you with a +0 flail.
You are too injured to fight recklessly!
You are too injured to fight recklessly!
You are too injured to fight recklessly!
You are too injured to fight recklessly!
You are too injured to fight recklessly!
You are too injured to fight recklessly!
You are too injured to fight recklessly!
You are too injured to fight recklessly!
You are too injured to fight recklessly!
You are too injured to fight recklessly!
You are too injured to fight recklessly!
You are too injured to fight recklessly!
You are too injured to fight recklessly!
You are too injured to fight recklessly!
You closely miss Terence.
Terence is heavily wounded.
The orc barely misses you. Terence hits you but does no damage.
The orc barely misses you.
You barely miss Terence.
Terence is heavily wounded.
Terence shouts, "ATTACK!!!"
Terence hits you with a +0 flail. The orc hits you but does no damage.
Terence hits you but does no damage.
You hit Terence but do no damage.
Terence is heavily wounded.
You block the orc's attack. Terence hits you but does no damage.
You hit Terence.
Terence is almost dead.
The orc hits you with a +0 flail!
* * * LOW HITPOINT WARNING * * *
Terence hits you with a +0 flail.
You die...

..... ... . ... )
#. #.. ##. #?
..#####.# ..# . #.
........##!##.#
(.#.
......@o.#..#.#..
##.##.
#@).##...###..##..
###...###.#..#....
#.....#.#.##....
##....#..##...#
####...........#
#........#.#####
#..†....##.#
#..........##)#
#.....#+#####.#


You could see Terence and an orc.

Vanquished Creatures
  5 adders
  3 worms (D:2)
  4 dart slugs
  3 orcs
  8 ball pythons
  5 bats
  5 endoplasms
  2 giant cockroaches
  8 goblins
  6 hobgoblins
  4 jackals (D:2)
  6 kobolds
  2 quokkas
  3 frilled lizards
  5 rats
69 creatures vanquished.

Notes
Turn   | Place    | Note
-------+----------+-------------------------------------------
     0 | D:1      | timneilson the Gargoyle Fighter began the quest for the
                  | Orb.
     0 | D:1      | Reached XP level 1. HP: 14/14 MP: 1/1
    38 | D:1      | Reached XP level 2. HP: 15/19 MP: 2/2
   711 | D:1      | Reached XP level 3. HP: 21/23 MP: 3/3
  1198 | D:2      | Reached XP level 4. HP: 20/28 MP: 4/4
  1465 | D:2      | Reached skill level 1 in Dodging
  1623 | D:2      | Found a faded altar of an unknown god.
  2147 | D:3      | Reached XP level 5. HP: 27/33 MP: 5/5
  2199 | D:3      | Noticed Terence
  2212 | D:3      | Slain by Terence

Illustrated notes

Levels and vault maps discovered:
D:1:      dpeg_arrival_arbitrary_b, layout_loops_ring
D:2:      minmay_alternating_diamond, layout_basic,
          hellmonk_ecumenical_altar_crossroads, lightli_corner_chamber
D:3:      layout_basic, chequers_serial_rivers_micro_c, minmay_pentomino_pile,
          uniq_terence

Skill      XL: |  1  2  3  4 |
---------------+-------------+-----
Long Blades    | 2 |  2.7
Shields        | 4 |  4.2
Dodging        | 1 |  1.1
Armour         | 4 |  4.2
Fighting       | |  3.8

Action                   |  1- 3 |  4- 6 || total
-------------------------+-------+-------++-------
Melee: Long sword        |    92 |   112 ||   204
  Use: Scroll            |     2 |     1 ||     3
Armor: Scale mail        |    47 |    61 ||   108
Dodge: Dodged            |    52 |    54 ||   106
Block: Buckler           |    18 |    22 ||    40

Table legend: (Time is in decaauts)
 A = Elapsed time spent in this place.
 B = Non-inter-level travel time spent in this place.
 C = Inter-level travel time spent in this place.
 D = Time resting spent in this place.
 E = Time spent auto-exploring this place.
 F = Levels seen in this place.
 G = Mean time per level.
                   A        B        C        D        E       F      G
               +--------+--------+--------+--------+--------+-----+--------+
         Total |   2276 |   2258 |     18 |     39 |   1357 |   3 |  758.7 |
       Dungeon |   2276 |   2258 |     18 |     39 |   1357 |   3 |  758.7 |
               +--------+--------+--------+--------+--------+-----+--------+

Top non-repeatable levels by time:
     D:2: 1045 daAuts
     D:1: 1027 daAuts
     D:3: 203 daAuts
